 Dungeon Crawl Stone Soup version 0.29-a0-330-g52719c12eb (webtiles) character file.

Game seed: 4401890506038478872

15831 gruber the Blocker (level 12, -1/95 HPs)
             Began as a Djinni Ice Elementalist on Apr 29, 2022.
             Was an Elder of Makhleb.
             Shot with an arrow by a deep elf archer (17 damage)
             ... on level 14 of the Dungeon.
             The game lasted 00:18:09 (14441 turns).

gruber the Blocker (Djinni Ice Elementalist)       Turns: 14441, Time: 00:18:10

Health: -1/95      AC:  7    Str:  7    XL:     12   Next: 62%
Gold:   608        EV: 12    Int: 27    God:    Makhleb [****..] SH:  7 Dex: 15

rFire   + . .      SeeInvis .   C - +4 dagger (venom)
rCold   . . .      Faith    .   L - +0 buckler
rNeg    . . .      Spirit   .   j - +2 animal skin
rPois   ∞          Reflect  .   N - +2 hat {Will+}
rElec   .          Harm     .   (no cloak)
rCorr   .          Rampage  .   A - +0 pair of gloves
Will    ++...                   (boots unavailable)
Stlth   ++........              (no amulet)
HPRegen 0.25/turn               y - +6 ring of intelligence
MPRegen 0.00/turn               x - ring of ice

@: flying
A: sickness immunity, fire resistance 2, cold vulnerability 1, float, innate
caster, HP casting, extra vitality 1
a: Renounce Religion, Minor Destruction, Lesser Servant of Makhleb, Major
Destruction


You were on level 14 of the Dungeon.
You worshipped Makhleb.
Makhleb was greatly pleased with you.
You visited 2 branches of the dungeon, and saw 13 of its levels.

You collected 608 gold pieces.

Inventory:

Hand Weapons
 d - a +1 hand axe of draining
 C - a +4 dagger of venom (weapon)
Missiles
 v - 9 curare-tipped darts
 I - 2 throwing nets
Armour
 j - a +2 animal skin (worn)
 A - a +0 pair of gloves (worn)
 L - a +0 buckler (worn)
 N - a +2 hat of willpower (worn)
Jewellery
 h - a ring of protection from cold
 x - a ring of ice (right hand)
 y - a +6 ring of intelligence (left hand)
 F - a +6 ring of intelligence
 H - a ring of protection from fire
Wands
 i - a wand of iceblast (22)
 w - a wand of digging (8)
 B - a wand of polymorph (3)
 K - a wand of flame (24)
Scrolls
 a - a scroll of silence {unknown}
 e - 7 scrolls of teleportation {unknown}
 f - 3 scrolls of enchant armour {unknown}
 g - 9 scrolls of identify {unknown}
 m - a scroll of immolation {unknown}
 o - a scroll of enchant weapon {unknown}
 q - 3 scrolls of magic mapping {unknown}
 r - a scroll of fog {unknown}
 s - 2 scrolls of noise {unknown}
 u - 2 scrolls of brand weapon {unknown}
 D - a scroll of amnesia {unknown}
 G - 3 scrolls of fear {unknown}
 J - a scroll of vulnerability {unknown}
Potions
 b - a potion of magic {unknown}
 c - a potion of cancellation {unknown}
 k - 5 potions of degeneration {unknown}
 l - 4 potions of flight {unknown}
 n - a potion of brilliance {unknown}
 p - 6 potions of haste
 t - a potion of lignification {unknown}
 z - 4 potions of mutation {unknown}
 E - a potion of heal wounds {unknown}
 M - a potion of curing {unknown}


   Skills:
 - Level 12.2 Fighting
 - Level 1.2 Long Blades
 - Level 1.1(1.3) Maces & Flails
 - Level 1.1(1.4) Staves
 - Level 1.0 Slings
 - Level 1.1 Bows
 - Level 1.0 Crossbows
 - Level 2.1 Dodging
 - Level 1.5 Stealth
 + Level 12.5 Shields
 - Level 7.1 Spellcasting


You had one spell level left.
You knew the following spells:

 Your Spells              Type           Power      Damage    Failure   Level
a - Freeze                Ice            100%       1d11      1%          1
b - Frozen Ramparts       Ice            100%       1d12      1%          3
c - Ozocubu's Armour      Ice            64%        N/A       1%          3
d - Hailstorm             Conj/Ice       64%        3d14      3%          4
e - Beastly Appendage     Tmut           96%        N/A       1%          1
f - Searing Ray           Conj           96%        2d7       1%          2
g - Poisonous Vapours     Pois/Air       96%        N/A       1%          2
h - Animate Armour        Summ/Erth      96%        N/A       3%          4
i - Olgreb's Toxic Radia  Pois           48%        N/A       3%          4
Your spell library was empty.

Dungeon Overview and Level Annotations

Branches:
Dungeon (11/15)            Temple (1/1) D:5            Lair (0/6) D:11
    Orc (0/2) D:10

Altars:
Ashenzari
Cheibriados
Dithmenos
Elyvilon
Fedhas
Gozag
Hepliaklqana
Kikubaaqudgha
Makhleb
Nemelex Xobeh
Okawaru
Qazlal
Ru
Sif Muna
Trog
Uskayaw
Vehumet
Wu Jian
Xom
Yredelemnul
Zin
The Shining One

Annotations:
D:10 3 runed translucent doors, huldread's ghost, journeyman MiBe; kae's ghost, journeyman TeFE; robertstho's ghost, novice PaFi; sanka's ghost, journeyman GnMo


Innate Abilities, Weirdness & Mutations

You are immune to sickness and miasma.
You are immune to poison.
Your flesh is very heat resistant. (rF++)
You are vulnerable to cold. (rC-)
You float through the air rather than walking.
You learn spells naturally, not from books.
Your magical power is your life essence.
You have superior vitality. (+4 MHP)


Message History

Unknown command.
Unknown command.
The deep elf archer looks even sicker.
The deep elf pyromancer looks as sick as possible!
The frozen ramparts melt away.
The deep elf archer unwields a +0 short sword.
The deep elf archer wields a +0 longbow.
The deep elf archer shoots an arrow.
The arrow hits you!
The deep elf pyromancer gestures wildly while chanting.
The deep elf pyromancer blinks!
Unknown command.
Unknown command.
The deep elf archer looks as sick as possible! x2
Your toxic aura wanes.
Your icy armour will break if you move.
Continue?
Your icy armour cracks and falls away as you move.
The deep elf archer shoots an arrow.
The arrow hits you!!
Your magical contamination has completely faded away.
Casting: Olgreb's Toxic Radiance (dangerous; 3% risk of failure)
Confirm with . or Enter, or press ? or * to list all spells.
You begin to radiate toxic energy.
You kill the deep elf archer!
Makhleb accepts your kill.
You feel better.
Unknown command.
Unknown command.
Unknown command.
The deep elf archer looks as sick as possible!
The deep elf archer unwields a +0 dagger.
The deep elf archer wields a +0 shortbow.
The deep elf archer shoots an arrow.
The arrow hits you!!
* * * LOW HITPOINT WARNING * * *
Unknown command.
Unknown command.
Your toxic aura wanes.
The deep elf archer shoots an arrow.
The arrow hits you!
* * * LOW HITPOINT WARNING * * *
Found an escape hatch in the ceiling.
The deep elf archer shoots an arrow.
The arrow hits you!
You die...

#........# #.. +........#
...######+# #........#
#.........#####......#
#.........#...#...##.#
........#...#...##.#
#.##......#...)...##.#
#<........#####......#
#.@.............#
#.######.....##.# #.#
#.....##.# #.# #.....##.#
+.# #.....##.# #.#
#.....##.#
#.######.....##.#
#########e..............#
...eee).e........^......#


You could see a deep elf archer (repels missiles, very poisoned).

Vanquished Creatures
  Gastronok (D:10)
  A hydra (D:8)
  2 two-headed ogres (D:11)
  A deep elf knight (D:14)
  Nergalle (D:10)
  A deep elf pyromancer (D:14)
  A deep elf archer (D:14)
  A cyclops (D:7)
  An unseen horror (D:10)
  A kobold demonologist (D:10)
  A troll (D:11)
  A troll (shapeshifter) (D:11)
  A shadow (D:10)
  A wyvern (D:9)
  27 yaks
  Eustachio (D:4)
  A steam dragon (D:7)
  2 wargs (D:10)
  2 water moccasins (D:7)
  An orc warrior (D:7)
  4 sky beasts
  4 ogres
  3 centaurs
  21 kobold brigands
  2 phantoms
  Blork the orc (D:4)
  2 bullfrogs
  A scorpion (D:4)
  3 gnoll sergeants
  7 wights
  9 killer bees (D:8)
  2 howler monkeys (D:9)
  An electric eel (D:8)
  6 orc priests
  Ijyb (D:4)
  An iguana (D:5)
  11 orc wizards
  Robin (D:2)
  16 gnolls
  8 adders
  3 white imps
  An ufetubus (D:5)
  2 worms (D:3)
  3 dart slugs
  34 orcs
  11 ball pythons
  6 endoplasms
  3 giant cockroaches
  9 goblins
  10 hobgoblins
  4 jackals (D:4)
  35 kobolds
  4 quokkas
  6 bats
  4 frilled lizards
  6 rats
294 creatures vanquished.

Notes
Turn   | Place    | Note
-------+----------+-------------------------------------------
     0 | D:1      | gruber the Djinni Ice Elementalist began the quest for the
                  | Orb.
     0 | D:1      | Reached XP level 1. HP: 15/15 MP: 0/0
   193 | D:1      | Reached XP level 2. HP: 9/21 MP: 0/0
   774 | D:1      | Reached XP level 3. HP: 15/25 MP: 0/0
   774 | D:1      | Learned a level 1 spell: Beastly Appendage
  2199 | D:2      | Noticed Robin
  2473 | D:2      | Reached XP level 4. HP: 27/31 MP: 0/0
  2758 | D:2      | Killed Robin
  2861 | D:2      | Noticed a necrophage
  2896 | D:2      | Found a faded altar of an unknown god.
  3171 | D:2      | Reached XP level 5. HP: 32/35 MP: 0/0
  3171 | D:2      | Learned a level 2 spell: Searing Ray
  3397 | D:2      | Found a basalt altar of Yredelemnul.
  4749 | D:4      | Reached skill level 5 in Spellcasting
  4755 | D:4      | Reached XP level 6. HP: 32/40 MP: 0/0
  5213 | D:4      | Noticed an ogre
  5232 | D:4      | Killed an ogre
  5233 | D:4      | Reached XP level 7. HP: 35/45 MP: 0/0
  5233 | D:4      | Learned a level 2 spell: Poisonous Vapours
  5305 | D:4      | Noticed Blork the orc
  5307 | D:4      | Noticed Eustachio
  5318 | D:4      | Killed Eustachio
  5319 | D:4      | Killed Blork the orc
  5988 | D:4      | Found an iron altar of Okawaru.
  5993 | D:4      | Found a sparkling altar of Nemelex Xobeh.
  5993 | D:4      | Found a stormy altar of Qazlal.
  6007 | D:4      | Noticed Ijyb
  6026 | D:4      | Killed Ijyb
  6215 | D:5      | Entered Level 5 of the Dungeon
  6298 | D:5      | Found a staircase to the Ecumenical Temple.
  6304 | D:5      | Reached XP level 8. HP: 50/50 MP: 0/0
  6310 | Temple   | Entered the Ecumenical Temple
  6523 | Temple   | Became a worshipper of Makhleb the Destroyer
  6587 | D:5      | Reached skill level 1 in Fighting
  6733 | D:5      | Noticed a yak
  6737 | D:5      | Noticed a yak
  6738 | D:5      | Noticed a yak
  6739 | D:5      | Noticed a yak
  6741 | D:5      | Noticed a yak
  6741 | D:5      | Killed a yak
  6744 | D:5      | Killed a yak
  6746 | D:5      | Killed a yak
  6747 | D:5      | Reached skill level 5 in Fighting
  6748 | D:5      | Killed a yak
  6750 | D:5      | Killed a yak
  6751 | D:5      | Reached XP level 9. HP: 43/67 MP: 0/0
  6751 | D:5      | Learned a level 4 spell: Animate Armour
  7460 | D:5      | Reached * piety under Makhleb
  8089 | D:6      | Found a broken altar of Ashenzari.
  9199 | D:7      | Noticed a cyclops
  9251 | D:7      | Killed a cyclops
  9252 | D:7      | Reached skill level 10 in Fighting
  9252 | D:7      | Reached XP level 10. HP: 69/81 MP: 0/0
 10233 | D:8      | Reached ** piety under Makhleb
 10927 | D:8      | Noticed a five-headed hydra
 10958 | D:8      | Killed a five-headed hydra
 10959 | D:8      | Reached skill level 1 in Long Blades
 10959 | D:8      | Reached skill level 1 in Maces & Flails
 10959 | D:8      | Reached skill level 1 in Staves
 10959 | D:8      | Reached skill level 1 in Slings
 10959 | D:8      | Reached skill level 1 in Bows
 10959 | D:8      | Reached skill level 1 in Crossbows
 10959 | D:8      | Reached skill level 1 in Shields
 11460 | D:9      | Reached XP level 11. HP: 79/89 MP: 0/0
 11460 | D:9      | Learned a level 4 spell: Olgreb's Toxic Radiance
 11595 | D:9      | Reached skill level 5 in Shields
 12250 | D:10     | Entered Level 10 of the Dungeon
 12250 | D:10     | Noticed Gastronok
 12264 | D:10     | Killed Gastronok
 12542 | D:10     | Reached *** piety under Makhleb
 12945 | D:10     | Found a staircase to the Orcish Mines.
 13139 | D:10     | Reached **** piety under Makhleb
 13231 | D:10     | Reached XP level 12. HP: 84/95 MP: 0/0
 13305 | D:10     | Reached skill level 10 in Shields
 13527 | D:10     | Noticed Nergalle
 13537 | D:10     | Killed Nergalle
 13672 | D:10     | Found a runed translucent gate.
 13672 | D:10     | Found a runed translucent gate.
 13672 | D:10     | Found a runed translucent gate.
 13672 | D:10     | Noticed robertstho's ghost (novice PaFi)
 13673 | D:10     | Noticed sanka's ghost (journeyman GnMo)
 13673 | D:10     | Noticed kae's ghost (journeyman TeFE)
 13673 | D:10     | Noticed huldread's ghost (journeyman MiBe)
 13752 | D:11     | Noticed a two-headed ogre
 13757 | D:11     | Killed a two-headed ogre
 13849 | D:11     | Noticed a two-headed ogre
 13857 | D:11     | Killed a two-headed ogre
 13974 | D:11     | Found a staircase to the Lair.
 14300 | D:11     | You are sucked into a shaft and drop 3 floors!
 14415 | D:14     | Noticed a deep elf knight
 14423 | D:14     | Killed a deep elf knight
 14441 | D:14     | Shot with an arrow by a deep elf archer

Illustrated notes

Levels and vault maps discovered:
D:1:      dpeg_arrival_renting, layout_loops_ring
D:2:      layout_loops_ring, basic_ecumenical_altar, basic_altar,
          lightli_corner_chamber, uniq_robin
D:3:      minmay_octagon_keep, layout_basic
D:4:      layout_basic, chequers_temple_overflow_statue_of_worship,
          serial_curves, eino_curves_01, eino_curves_04, uniq_ijyb,
          uniq_blork_the_orc, uniq_eustachio
D:5:      layout_loops_ring, minmay_temple_entry_trees, minmay_strange_pillars
D:6:      layout_rooms, mainiacjoe_overflow_paths
D:7:      layout_loops_ring, lemuel_old_faithful
D:8:      layout_basic
D:9:      layout_loops_cross, kennysheep_generic_room_15
D:10:     layout_roguey [special_room_kobold], erik_orc_4,
          gammafunk_ghost_cemetery, uniq_gastronok, uniq_nergalle
D:11:     layout_roguey, lair_entry_dummy
D:14:     layout_stronghold, grunt_vaults_entry_fortified,
          nicolae_sif_muna_condensation, uniq_lodul, uniq_azrael
Temple:   dpeg_five_rooms_temple

Skill      XL: |  1  2  3  4  5  6  7  8  9 10 11 12 |
---------------+-------------------------------------+-----
Spellcasting   | 4 5 6 7 |  7.1
Fighting       | 6 10 12 | 12.2
Long Blades    | 1 |  1.2
Maces & Flails | 1 |  1.1
Staves         | 1 |  1.1
Slings         | 1 |  1.0
Bows           | 1 |  1.1
Crossbows      | 1 |  1.0
Shields        | 2 9 12 | 12.5
Dodging        | |  2.1
Stealth        | |  1.5

Action                   |  1- 3 |  4- 6 |  7- 9 | 10-12 || total
-------------------------+-------+-------+-------+-------++-------
Melee: Spear             |    25 |       |       |       ||    25
       Hand axe          |    56 |    73 |       |       ||   129
       Punch             |     2 |     1 |     2 |       ||     5
       Short sword       |       |    26 |    19 |       ||    45
       Unarmed           |       |       |    12 |       ||    12
       Dagger            |       |       |    78 |   107 ||   185
 Cast: Freeze            |    22 |     6 |     5 |     2 ||    35
       Frozen Ramparts   |       |    10 |    21 |    28 ||    59
       Searing Ray       |       |     3 |     4 |    21 ||    28
       Ozocubu's Armour  |       |     1 |     9 |    19 ||    29
       Poisonous Vapours |       |       |    11 |    13 ||    24
       Animate Armour    |       |       |     1 |       ||     1
       Hailstorm         |       |       |       |    31 ||    31
       Olgreb's Toxic Ra |       |       |       |    26 ||    26
 Stab: Sleeping          |     1 |     1 |     1 |     2 ||     5
       Distracted        |       |     1 |     1 |       ||     2
       Confused          |       |       |     1 |       ||     1
Armor: Robe              |    19 |       |       |       ||    19
       Animal skin       |       |    43 |    59 |    61 ||   163
       Skin              |       |       |     2 |       ||     2
Dodge: Dodged            |    86 |    56 |    81 |    97 ||   320
Block: Buckler           |       |       |       |    32 ||    32

Table legend: (Time is in decaauts)
 A = Elapsed time spent in this place.
 B = Non-inter-level travel time spent in this place.
 C = Inter-level travel time spent in this place.
 D = Time resting spent in this place.
 E = Time spent auto-exploring this place.
 F = Levels seen in this place.
 G = Mean time per level.
                   A        B        C        D        E       F      G
               +--------+--------+--------+--------+--------+-----+--------+
         Total |  14515 |  13827 |    688 |    600 |  11330 |  13 | 1116.5 |
       Dungeon |  14252 |  13614 |    638 |    600 |  11129 |  12 | 1187.7 |
        Temple |    262 |    213 |     49 |      0 |    201 |   1 |  262.0 |
               +--------+--------+--------+--------+--------+-----+--------+

Top non-repeatable levels by time:
     D:1: 2239 daAuts
    D:10: 1533 daAuts
     D:4: 1481 daAuts
     D:8: 1366 daAuts
     D:5: 1298 daAuts
     D:2: 1286 daAuts
     D:7: 1275 daAuts
     D:3: 1248 daAuts
     D:6: 1030 daAuts
     D:9: 803 daAuts
    D:11: 548 daAuts
  Temple: 262 daAuts
    D:14: 140 daAuts
